 Dungeon Crawl Stone Soup version 0.14-a0-1330-g3eed206 (webtiles) character file.

306 PolkaDot the Skirmisher (level 5, -6/42 HPs)
             Began as a Vampire Death Knight on Dec 6, 2013.
             Was a Believer of Yredelemnul.
             Mangled by an ogre
             ... wielding a +0,+0 giant club
              (23 damage)
             ... on Level 4 of the Dungeon.
             The game lasted 00:07:31 (2196 turns).

PolkaDot the Skirmisher (Vampire Death Knight)      Turns: 2196, Time: 00:07:31

HP  -6/42        AC  3     Str 12      XL: 5   Next:  1%
MP   4/6         EV 10     Int 13      God: Yredelemnul [**....]
Gold 168         SH  0     Dex 14      Spells:  0 memorised,  4 levels left

rFire  . . .     SeeInvis +     h - -1,-3 short sword (curse)
rCold  . . .     Clarity  .     b - +0 leather armour
rNeg   . . .     Conserve .     (no shield)
rPois  .         rCorr    .     (no helmet)
rElec  .         rRot     .     (no cloak)
SustAb . .       Spirit   .     (no gloves)
rMut   .         Warding  .     (no boots)
Saprov . . .     Stasis   .     (no amulet)
                                (no ring)
                                (no ring)

@: regenerating quickly, slightly resistant to hostile enchantments, unstealthy
A: fangs 3, see invisible, unbreathing
a: Animate Remains, Recall Undead Slaves, Injury Mirror, Renounce Religion


You were on level 4 of the Dungeon.
You worshipped Yredelemnul.
Yredelemnul was pleased with you.
You were full.

You visited 1 branch of the dungeon, and saw 4 of its levels.

You collected 168 gold pieces.

Inventory:

Hand weapons
 c - a +3,+2 dagger of venom
 h - a cursed -1,-3 short sword (weapon)
Armour
 b - a +0 leather armour (worn)
Scrolls
 d - 2 scrolls of teleportation
Potions
 f - a potion of resistance
 g - a potion of curing


   Skills:
 * Level 3.9 Fighting
 + Level 3.8 Short Blades
 - Level 0.7 Armour
 - Level 1.1 Dodging
 - Level 2.4 Invocations


You had 4 spell levels left.
You didn't know any spells.

Dungeon Overview and Level Annotations

Branches:
Dungeon (4/16)
 Temple: D:4-7

Altars:

Annotations:
D:3 Sigmund


Innate Abilities, Weirdness & Mutations

Your natural rate of healing is unusually fast.
You have razor-sharp teeth.*
You have supernaturally acute eyesight.
You can survive without breathing.*


Message History

You slash the ogre!
The ogre is heavily wounded.
The ogre barely misses you.
Your ball python zombie barely misses the ogre.
You hit the ogre.
The ogre is heavily wounded.
Your ball python zombie bites the ogre.
The ogre hits you with a giant club!
Drink which item? (? for menu, Esc to quit)
You feel much better.
Your ball python zombie barely misses the ogre.
The ogre hits you with a giant club!
You barely miss the ogre.
The ogre is heavily wounded.
Your ball python zombie bites the ogre.
You hit the ogre but do no damage. You bite the ogre.
The ogre is severely wounded.
The ogre hits you with a giant club!
Ouch! That really hurt!
You die...
Yredelemnul claims you as an undead slave.

#....................>.....
.......#...#######........
......#...# #........
.....#...# ####.##..
......#...##########.##..
.........................
....=.##.###########.##..
........O..# #.##..
........@z.# #.##..
.....#...(.# ######.##..
.## #..>..# #..........
#......<............
....................
###.#.#####......##.. #. .#
#......##.. #. .#
......##.. . . .........


You could see an ogre and a friendly ball python zombie.

Vanquished Creatures
  A hound (D:4)
  2 adders (D:2)
  A giant mite (D:1)
  2 worms (D:2)
  An adder skeleton (D:4)
  4 giant geckos
  3 giant cockroaches
  4 goblins
  6 hobgoblins
  6 jackals
  6 kobolds
  2 ball pythons
  A ball python skeleton (D:4)
  2 bats (D:2)
  3 giant newts
  A quokka (D:2)
  10 rats
55 creatures vanquished.

Vanquished Creatures (collateral kills)
  Ijyb (D:2)
  A ball python (D:2)
2 creatures vanquished.

Grand Total: 57 creatures vanquished

Notes
Turn   | Place    | Note
--------------------------------------------------------------
     0 | D:1      | PolkaDot, the Vampire Death Knight, began the quest for the Orb.
     0 | D:1      | Reached XP level 1. HP: 16/16 MP: 1/1
   280 | D:1      | Reached XP level 2. HP: 13/22 MP: 2/2
   883 | D:1      | Reached XP level 3. HP: 25/28 MP: 4/4
  1075 | D:2      | Reached skill level 3 in Short Blades
  1207 | D:2      | Acquired Yredelemnul's second power
  1343 | D:2      | Noticed Ijyb
  1353 | D:2      | Killed Ijyb
  1353 | D:2      | Reached XP level 4. HP: 25/35 MP: 5/5
  1974 | D:3      | Noticed Sigmund
  2077 | D:4      | Noticed an ogre
  2105 | D:4      | Reached XP level 5. HP: 30/42 MP: 6/6
  2196 | D:4      | Mangled by an ogre

Action                   |  1- 3 |  4- 6 || total
-------------------------+-------+-------++-------
Melee: Short sword       |    48 |    53 ||   101
       Dagger            |    62 |    54 ||   116
Invok: Animate Remains   |     6 |     8 ||    14
  Use: Potion            |     1 |     1 ||     2
       Scroll            |     3 |     3 ||     6
 Stab: Distracted        |       |     1 ||     1
